 Dungeon Crawl Stone Soup version 0.29.0-15-g675c0067aa (webtiles) character file.

Game seed: 1872382187984315921

6956 groovy9 the Geomancer (level 11, -11/54 HPs)
             Began as a Gargoyle Earth Elementalist on Sept 11, 2022.
             Was a Believer of Vehumet.
             Shot with a bolt by a yaktaur (17 damage)
             ... on level 9 of the Dungeon.
             The game lasted 00:50:44 (10507 turns).

groovy9 the Geomancer (GrEE)                       Turns: 10507, Time: 00:50:44

Health: -11/54     AC: 13    Str: 12    XL:     11   Next: 7%
Magic:  35/41      EV: 11    Int: 20    God:    Vehumet [**....]
Gold:   700        SH:  0    Dex: 10    Spells: 17/27 levels left

rFire   . . .      SeeInvis .   z - +3 flail (protect)
rCold   . . .      Faith    .   j - orb {light}
rNeg    + . .      Spirit   .   c - +2 robe {Will+}
rPois   ∞          Reflect  .   (no helmet)
rElec   +          Harm     .   y - +0 cloak
rCorr   .          Rampage  .   (no gloves)
Will    +....                   (no boots)
Stlth   +.........              a - amulet of magic regeneration
HPRegen 0.18/turn               e - ring of magical power
MPRegen 0.67/turn               B - ring of magical power

@: glowing
A: sickness immunity, AC +8, negative energy resistance 1, electricity
resistance, torment resistance 1, petrification resistance
a: Renounce Religion


You were on level 9 of the Dungeon.
You worshipped Vehumet.
Vehumet was pleased with you.
You visited 2 branches of the dungeon, and saw 10 of its levels.

You collected 700 gold pieces.

Inventory:

Hand Weapons
 z - a +3 flail of protection (weapon)
Armour
 c - a +2 robe of willpower (worn)
 j - an orb of light (worn)
 y - a +0 cloak (worn)
 A - a +0 robe of resistance
Jewellery
 a - an amulet of magic regeneration (around neck)
 d - a ring of willpower
 e - a ring of magical power (left hand)
 h - an amulet of reflection
 o - a ring of flight
 q - a ring of protection from fire
 B - a ring of magical power (right hand)
Wands
 p - a wand of roots (10)
 s - a wand of paralysis (7)
 v - a wand of flame (22)
Scrolls
 n - a scroll of enchant weapon
 r - a scroll of poison
 t - a scroll of brand weapon {unknown}
 u - a scroll of noise
 C - 2 scrolls of immolation {unknown}
 D - 2 scrolls of identify
Potions
 b - 3 potions of degeneration {unknown}
 f - a potion of cancellation
 g - 2 potions of attraction
 i - 2 potions of ambrosia
 k - a potion of mutation {unknown}
 l - a potion of magic
 m - 5 potions of curing
 w - a potion of lignification {unknown}
 x - 2 potions of resistance


   Skills:
 - Level 1.5 Dodging
 - Level 2.1 Stealth
 + Level 8.7 Spellcasting
 + Level 8.2 Conjurations
 + Level 8.0 Transmutations
 + Level 8.8 Earth Magic


You had 17 spell levels left.
You knew the following spells:

 Your Spells              Type           Power      Damage    Failure   Level
a - Sandblast             Erth           88%        2d18      1%          1
b - Stone Arrow           Conj/Erth      86%        3d12      1%          3
c - Passwall              Tmut/Erth      35%        N/A       1%          2
d - Petrify               Tmut/Erth      42%        N/A       2%          4

Your spell library contained the following spells:

 Spells                   Type           Power      Damage    Failure   Level
 Inner Flame              Hex/Fire       8%         N/A       24%         3
 Sting                    Tmut/Pois      96%        1d7       1%          1
 Conjure Flame            Conj/Fire      25%        6-21      4%          3
 Ignite Poison            Fire/Tmut/Pois 19%        N/A       8%          3
 Iskenderun's Battlesphe  Conj           41%        2d9       8%          5
 Poisonous Vapours        Pois/Air       16%        N/A       12%         2
 Sticky Flame             Conj/Fire      25%        2d5       14%         4
 Fireball                 Conj/Fire      12%        3d7       36%         5
 Freezing Cloud           Conj/Ice/Air   9%         6-21      56%         5
 Olgreb's Toxic Radiance  Pois           8%         N/A       61%         4
 Conjure Ball Lightning   Conj/Air       12%        3x3d6     91%         6
 Orb of Destruction       Conj           20%        9d8       92%         7
 Simulacrum               Ice/Necr       4%         N/A       100%        6
 Chain Lightning          Conj/Air       12%        3d16      100%        9
 Fire Storm               Conj/Fire      12%        8d3       100%        9
 Polar Vortex             Ice            4%         N/A       100%        9
 Shatter                  Erth           22%        3d19*     100%        9


Dungeon Overview and Level Annotations

Branches:
Dungeon (9/15)             Temple (1/1) D:4            Lair (0/5) D:8
    Orc (0/2) D:9

Altars:
Ashenzari
Cheibriados
Dithmenos
Elyvilon
Fedhas
Gozag
Hepliaklqana
Kikubaaqudgha
Makhleb
Nemelex Xobeh
Qazlal
Ru
Sif Muna
Vehumet
Wu Jian
Xom
Yredelemnul
Zin
The Shining One


Innate Abilities, Weirdness & Mutations

You are immune to sickness and miasma.
Your stone body is resilient. (AC +8)
You are immune to poison.
You resist negative energy. (rN+)
You are resistant to electric shocks. (rElec)
You are resistant to unholy torment.
You are immune to petrification.


Message History

Aim: a cyclops, quivering large rocks (chance to affect: 50%)
The cyclops resists with some effort.
The bullfrog croaks.
Casting: Petrify (dangerous; 2% risk of failure)
Confirm with . or Enter, or press ? or * to list all spells.
Aiming: Petrify (dangerous; 2% risk of failure)
Press: ? - help, Shift-Dir - straight line, f/p - cyclops
Aim: a cyclops, quivering large rocks (chance to affect: 50%)
The cyclops resists with some effort.
The stone arrow hits the bullfrog!
The bullfrog is heavily wounded.
The cyclops throws a large rock.
The large rock hits you!!
Ouch! That really hurt!
You hear a loud, deep croak!
Blink to where?
Press: ? - help, Dir - move target, p - bullfrog
As you read the scroll of blinking, it crumbles to dust.
There is an open door here.
Casting: Stone Arrow (safe; 1% risk of failure)
Confirm with . or Enter, or press ? or * to list all spells.
Aiming: Sandblast (safe; 1% risk of failure)
Press: ? - help, Shift-Dir - straight line, f - bullfrog
Aim: a bullfrog (moderately wounded, haloed, 85% to hit)
Okay, then.
Casting: Sandblast (safe; 1% risk of failure)
Confirm with . or Enter, or press ? or * to list all spells.
Aiming: Stone Arrow (safe; 1% risk of failure)
Press: ? - help, Shift-Dir - straight line, f - bullfrog
Aim: a bullfrog (moderately wounded, haloed, 79% to hit)
The stone arrow hits the bullfrog!!
You kill the bullfrog!
Vehumet accepts your kill.
There is an open door here.
There is an open door here.
The yaktaur shoots a bolt.
The bolt hits you!!
* * * LOW HITPOINT WARNING * * *
The yaktaur shoots a bolt.
The bolt closely misses you.
The yaktaur shoots a bolt.
The bolt barely misses you.
The yaktaur shoots a bolt.
The bolt hits you!
You die...

### #..#'##'##'##....# #
#.#.....#....##....#
#.#g#................###
.o.)K................... #
#y............###############
#............................
#.#####..##..#.....##########
#.)..........#.....# #.......
#########'#####.@#.....# #.#####.
#[..##.....# #..#.....###.#<..#.
#..[#..#...## #......##.....#.##.
....#.###...###......##.##.......
..###..#......#..#...##.#.....#..
....†.........'..#............#..
..###......#..#..#......#..##.#..
..).###...###.#..#...#c##.....#..
#.).# ##...#..#..(..........#....


You could see a yaktaur.

Vanquished Creatures
  A cyclops (D:9)
  A komodo dragon (D:8)
  A kobold demonologist (D:9)
  A hornet (D:9)
  Sigmund (D:2)
  A vampire (D:9)
  7 yaks
  Menkaure (D:7)
  3 orc warriors
  2 water moccasins
  A black bear (D:4)
  4 ice beasts
  4 centaurs
  An ogre (D:4)
  Blork the orc (D:4)
  A kobold brigand (D:9)
  11 bullfrogs
  A gnoll sergeant (D:9)
  2 necrophages
  3 scorpions
  9 wights
  12 killer bees (D:8)
  3 howler monkeys
  A hound (D:5)
  7 orc priests
  Crazy Yiuf (D:2)
  A jelly (D:7)
  A gnoll bouda (D:9)
  Jessica (D:2)
  Natasha (thrice) (D:2)
  Terence (D:2)
  5 orc wizards
  A mummy (D:4)
  5 gnolls
  7 adders
  A shadow imp (D:7)
  A white imp (D:5)
  An ufetubus (D:6)
  2 worms
  2 dart slugs
  26 orcs
  5 endoplasms
  2 giant cockroaches (D:1)
  4 goblins
  8 hobgoblins
  7 kobolds
  5 quokkas
  6 ball pythons
  5 bats
  2 frilled lizards
  3 rats
186 creatures vanquished.

Vanquished Creatures (others)
  23 plants (D:8)
  4 toadstools (D:1)
  A withered plant (D:6)
28 creatures vanquished.

Grand Total: 214 creatures vanquished

Notes
Turn   | Place    | Note
-------+----------+-------------------------------------------
     0 | D:1      | groovy9 the Gargoyle Earth Elementalist began the quest for
                  | the Orb.
     0 | D:1      | Reached XP level 1. HP: 10/10 MP: 3/3
   134 | D:1      | Reached skill level 1 in Transmutations
   172 | D:1      | Reached XP level 2. HP: 15/15 MP: 5/5
   611 | D:1      | Reached XP level 3. HP: 19/19 MP: 6/6
   615 | D:1      | Learned a level 3 spell: Stone Arrow
  1061 | D:2      | Noticed Natasha
  1065 | D:2      | Killed Natasha
  1066 | D:2      | Reached XP level 4. HP: 12/24 MP: 7/7
  1077 | D:2      | Noticed Natasha
  1365 | D:2      | Killed Natasha
  1670 | D:2      | Noticed Sigmund
  1678 | D:2      | Killed Sigmund
  1679 | D:2      | Reached XP level 5. HP: 28/28 MP: 10/10
  1679 | D:2      | Reached XP level 6. HP: 32/32 MP: 11/11
  1759 | D:2      | Found a runed translucent door.
  1760 | D:2      | Noticed Crazy Yiuf
  1768 | D:2      | Killed Crazy Yiuf
  1769 | D:2      | Reached skill level 5 in Earth Magic
  1947 | D:2      | Noticed Natasha
  1972 | D:2      | Killed Natasha
  2251 | D:2      | Noticed Terence
  2263 | D:2      | Killed Terence
  2320 | D:2      | Noticed Jessica
  2332 | D:2      | Killed Jessica
  2460 | D:2      | Found a faded altar of an unknown god.
  3156 | D:3      | Found a stormy altar of Qazlal.
  3161 | D:3      | Found a blossoming altar of Fedhas.
  3758 | D:4      | Noticed Blork the orc
  3763 | D:4      | Killed Blork the orc
  3764 | D:4      | Reached XP level 7. HP: 26/36 MP: 13/13
  4222 | D:4      | Found a snail-covered altar of Cheibriados.
  4350 | D:4      | Found a staircase to the Ecumenical Temple.
  4356 | Temple   | Entered the Ecumenical Temple
  4356 | Temple   | Found a transporter.
  4356 | Temple   | Found a transporter.
  4358 | Temple   | Found a transporter.
  4358 | Temple   | Found a transporter.
  4387 | Temple   | Became a worshipper of Vehumet
  4650 | D:5      | Entered Level 5 of the Dungeon
  4690 | D:5      | Reached skill level 5 in Spellcasting
  5093 | D:5      | Reached XP level 8. HP: 14/41 MP: 15/15
  5473 | D:5      | Reached skill level 5 in Transmutations
  6571 | D:6      | Reached XP level 9. HP: 38/45 MP: 11/18
  6654 | D:6      | Found an ancient bone altar of Kikubaaqudgha.
  6981 | D:7      | Reached * piety under Vehumet
  6981 | D:7      | Offered knowledge of Foxfire by Vehumet.
  7284 | D:7      | Found a sacrificial altar of Ru.
  7376 | D:7      | Noticed Menkaure
  7915 | D:7      | Found a shadowy altar of Dithmenos.
  7979 | D:7      | Killed Menkaure
  8273 | D:8      | Found a staircase to the Lair.
  8274 | D:8      | Noticed a komodo dragon
  8289 | D:8      | Killed a komodo dragon
  8570 | D:8      | Reached XP level 10. HP: 50/50 MP: 22/22
  8573 | D:8      | Learned a level 2 spell: Passwall
  8578 | D:8      | Learned a level 4 spell: Petrify
  8811 | D:8      | Offered knowledge of Static Discharge by Vehumet.
  8930 | D:8      | Reached ** piety under Vehumet
  9131 | D:8      | Identified the +1 dagger of the Abyss {vorpal, Int-3 Dex+4}
  9284 | D:9      | Reached skill level 1 in Conjurations
  9366 | D:9      | Found a glowing golden altar of the Shining One.
  9638 | D:9      | Noticed a cyclops
  9650 | D:9      | Killed a cyclops
  9651 | D:9      | Reached skill level 5 in Conjurations
  9795 | D:9      | Noticed a four-headed hydra
 10089 | D:9      | Found a staircase to the Orcish Mines.
 10106 | D:9      | Found an ornate altar of the Wu Jian Council.
 10301 | D:9      | Reached XP level 11. HP: 36/54 MP: 23/23
 10420 | D:9      | Offered knowledge of Inner Flame by Vehumet.
 10479 | D:9      | Noticed a cyclops
 10507 | D:9      | Shot with a bolt by a yaktaur

Illustrated notes

Levels and vault maps discovered:
D:1:      ldierk_water_garden, layout_basic
D:2:      layout_basic, chequers_ecumenical_altar_island,
          kennysheep_decorative_pillar, uniq_jessica, uniq_natasha,
          uniq_terence, uniq_crazy_yiuf_cottage, uniq_sigmund
D:3:      layout_basic, grunt_temple_overflow_forces_of_nature
D:4:      layout_basic, slow_altar_2, minmay_temple_entry_enclosed_plants,
          uniq_blork_the_orc
D:5:      layout_cave_pools, st_stairs_13
D:6:      layout_loops_cross, kiku_gazebo_garden_becter
D:7:      layout_loops_ring, mainiacjoe_overflow_alcove_2,
          mainiacjoe_overflow_alcove_1, uniq_menkaure
D:8:      layout_basic, david_lair_shrubbed
D:9:      minmay_the_grid_plus [minmay_the_grid_odd_star,
          minmay_the_grid_small_cups, minmay_the_grid_eight,
          minmay_the_grid_medium_cups, minmay_the_grid_prize_big_room],
          layout_basic, mainiacjoe_overflow_swirl, lemuel_crystal_altar
Temple:   hellmonk_temple_divided_pantheon

Skill      XL: |  1  2  3  4  5  6  7  8  9 10 11 |
---------------+----------------------------------+-----
Transmutations | 1 2 3 4 6 7 8 |  8.0
Earth Magic    | 4 5 6 7 8 |  8.8
Spellcasting   | 3 4 5 6 8 |  8.7
Conjurations   | 8 |  8.2
Dodging        | |  1.5
Stealth        | |  2.1

Action                   |  1- 3 |  4- 6 |  7- 9 | 10-12 || total
-------------------------+-------+-------+-------+-------++-------
 Cast: Sandblast         |    35 |    65 |    43 |     4 ||   147
       Stone Arrow       |       |       |   110 |   118 ||   228
       Petrify           |       |       |       |    10 ||    10
  Use: Scroll            |     5 |     4 |     5 |     6 ||    20
       Potion            |     1 |     2 |       |     1 ||     4
Armor: Robe              |     2 |     5 |    16 |    17 ||    40
Dodge: Dodged            |     2 |     6 |    32 |    16 ||    56
